 Dungeon Crawl Stone Soup version 0.28-a0-793-g31680bbd8b (webtiles) character file.

Game seed: 8398310564357964092

58359 Fafnir the Severer (level 14, -1/144 HPs)
             Began as a Gargoyle Berserker on Nov 4, 2021.
             Was a High Priest of Trog.
             Slain by a freezing wraith (16 damage)
             ... led by a death knight
             ... on level 12 of the Dungeon.
             The game lasted 00:05:22 (20410 turns).

Fafnir the Severer (Gargoyle Berserker)            Turns: 20410, Time: 00:05:23

Health: -1/144     AC: 30    Str: 31    XL:     14   Next: 90%
Magic:  14/14      EV: 14    Int:  9    God:    Trog [*****.]
Gold:   952        SH:  4    Dex:  9    Spells: 13/13 levels left

rFire   . . .      SeeInvis +   Y - +5 broad axe
rCold   . . .      Faith    +   p - +0 buckler
rNeg    + . .      Spirit   .   d - +4 chain mail
rPois   ∞          Reflect  .   i - +0 helmet
rElec   +          Harm     .   h - +1 cloak
rCorr   .          Rampage  .   (no gloves)
Will    ++...                   (no boots)
Stlth   ..........              j - amulet of faith
HPRegen 0.34/turn               q - ring of Witizuz {rPois Will+ Str+6 Slay+3 SInv}
MPRegen 0.14/turn               m - +4 ring of evasion

@: berserking, flying, slowed
A: sickness immunity, AC +10, big wings, negative energy resistance 1,
electricity resistance, torment resistance 1, petrification resistance
a: Renounce Religion, Berserk, Trog's Hand, Brothers in Arms


You were on level 12 of the Dungeon.
You worshipped Trog.
Trog was extremely pleased with you.
You visited 2 branches of the dungeon, and saw 18 of its levels.

You collected 1224 gold pieces.
You spent 272 gold pieces at shops.


Innate Abilities, Weirdness & Mutations

You are immune to sickness and miasma.
Your stone body is resilient. (AC +10)
You are immune to poison.
Your large and strong wings let you fly.
You resist negative energy. (rN+)
You are resistant to electric shocks. (rElec)
You are resistant to unholy torment.
You are immune to petrification.


   Skills:
 + Level 14.0 Fighting
 - Level 18.0 Axes
 - Level 11.0 Armour
 - Level 4.0 Dodging
 - Level 4.4 Shields


You had 13 spell levels left.
You didn't know any spells.
Your spell library was empty.

Inventory:

Hand Weapons
 c - a +0 morningstar
 Y - a +5 broad axe (weapon)
Missiles
 t - 8 javelins
Armour
 d - a +4 chain mail (worn)
 h - a +1 cloak (worn)
 i - a +0 helmet (worn)
 p - a +0 buckler (worn)
 r - +0 fire dragon scales
Jewellery
 j - an amulet of faith (around neck)
 m - a +4 ring of evasion (right hand)
 q - the ring of Witizuz (left hand) {rPois Will+ Str+6 Slay+3 SInv}
   (You took it off a centaur warrior on level 8 of the Dungeon)

   [ring of strength]

   Str:       It affects your strength (+6).
   Slay:      It affects your accuracy & damage with ranged weapons and melee
   (+3).
   rPois:     It protects you from poison.
   SInv:      It lets you see invisible.
   Will:      It increases your willpower.
Wands
 l - a wand of flame (12)
Scrolls
 a - 6 scrolls of identify
 b - 6 scrolls of teleportation
Potions
 e - 2 potions of mutation
 f - 6 potions of haste
 k - 2 potions of curing
 n - 2 potions of might
 s - a potion of cancellation

Dungeon Overview and Level Annotations

Branches:
Dungeon (12/15)            Temple (0/1) D:7            Lair (6/6) D:9
  Swamp (0/4) Lair:3       Spider (0/4) Lair:3        Slime (0/5) Lair:6
    Orc (0/2) D:9

Altars:
Gozag
Jiyva

Shops:
D:2 ?   D:6 (   D:10 *

Portals:
Abyss: D:8

Annotations:
D:7 3 runed translucent doors, Crazy Yiuf; Essalna's ghost, novice GrFE
D:8 2 transporters


Message History

You hit the death knight.
The death knight is severely wounded.
The death knight mumbles some strange prayers to Yredelemnul against you.
You easily resist.
You closely miss the death knight.
The death knight is severely wounded.
You slice the death knight!!
You kill the death knight!
Trog accepts your kill.
Your Armour skill increases to level 11!
You barely miss the freezing wraith. You slash the skeletal warrior!
You closely miss the skeletal warrior.
The skeletal warrior is lightly damaged.
You slash the freezing wraith! The freezing wraith hits you!
The freezing wraith freezes you!!
The freezing wraith hits you but does no damage.
You hit the freezing wraith.
The freezing wraith is moderately damaged.
You slash the skeletal warrior!
The skeletal warrior hits you but does no damage.
You hit the skeletal warrior.
The skeletal warrior is heavily damaged.
You closely miss the freezing wraith. The freezing wraith closely misses you.
The freezing wraith hits you. The freezing wraith drains your vigour!
You feel yourself slow down.
You barely miss the skeletal warrior.
The skeletal warrior is heavily damaged.
You slice the freezing wraith!! The skeletal warrior misses you.
You closely miss the freezing wraith.
The freezing wraith is severely damaged.
You hit the skeletal warrior.
The freezing wraith hits you but does no damage.
The freezing wraith closely misses you.
The skeletal warrior hits you with a +0 battleaxe!
You barely miss the freezing wraith.
The freezing wraith is severely damaged.
You slice the skeletal warrior!! The freezing wraith hits you!
The freezing wraith freezes you!
You die...

..................##
#........#.......
#........#.......
#.#####..#...# #
#......# ###'#### .
+.....#
....######....#
#...W@.'....#
#...##z#....# #..
#.###### ... #.. ...
#... .. ..... .
...... ##.....
......


You could see a skeletal warrior and a freezing wraith.

Vanquished Creatures
  2 boulder beetles
  Harold (D:7)
  3 hydras
  A death knight (D:12)
  A centaur warrior (D:8)
  A catoblepas (Lair:5)
  3 two-headed ogres
  3 death yaks (Lair:4)
  Urug (Lair:6)
  A harpy (shapeshifter) (D:8)
  A phantasmal warrior (D:12)
  4 ugly things
  2 cyclopes
  5 elephants (Lair:2)
  6 black mambas
  An ice statue (D:10)
  4 centaur zombies
  2 molten gargoyles (Lair:5)
  Maggie (D:6)
  7 cane toads
  9 komodo dragons
  3 rime drakes
  An efreet (D:8)
  Psyche (D:12)
  A troll (D:12)
  5 polar bears
  22 blink frogs
  3 hornets
  3 slime creatures
  5 dream sheep (Lair:6)
  2 redbacks (Lair:3)
  A vampire (D:11)
  3 wraiths
  2 shadows
  3 wyverns
  A fire elemental (Lair:2)
  15 spriggans (Lair:6)
  32 yaks
  Eustachio (D:4)
  2 basilisks
  2 steam dragons
  7 vampire mosquitoes
  Menkaure (D:7)
  4 swamp worms (Lair:3)
  2 wargs (D:9)
  13 water moccasins
  An acid dragon (D:9)
  Duvessa (D:5)
  An ice beast (D:7)
  5 black bears
  2 necrophages
  7 orc warriors
  An ogre (D:6)
  2 boggarts (Lair:6)
  22 wolves
  3 phantoms
  5 centaurs
  2 kobold brigands
  Blork the orc (D:5)
  11 bullfrogs
  A gnoll sergeant (D:8)
  A wyvern zombie (D:6)
  2 scorpions
  Dowan (D:5)
  9 electric eels
  2 howler monkeys (D:8)
  5 lava snakes (Lair:5)
  4 orc priests
  2 hounds
  3 centaur skeletons
  A gnoll shaman (D:6)
  A bullfrog skeleton (D:6)
  2 iguanas
  8 orc wizards
  A scorpion zombie (D:5)
  A killer bee zombie (D:7)
  6 ogre zombies (D:9)
  4 howler monkey zombies
  2 adders (D:2)
  11 gnolls
  2 white imps
  An ufetubus (D:5)
  3 adder skeletons (D:4)
  4 worms
  A dart slug (D:2)
  28 orcs
  11 ball pythons
  5 endoplasms
  3 giant cockroaches
  3 goblins
  5 hobgoblins
  5 jackals
  5 quokkas
  8 bats
  5 frilled lizards
  3 goblin skeletons (D:9)
  2 goblin zombies (D:9)
  A hobgoblin zombie (D:9)
  13 kobolds
  3 orc skeletons (D:9)
  10 orc zombies (D:9)
  3 rats
449 creatures vanquished.

Vanquished Creatures (collateral kills)
  A boulder beetle (D:8)
  6 death yaks (Lair:5)
  2 bog bodies (Lair:3)
  4 polar bears
  3 hornets (Lair:6)
  A dream sheep (Lair:6)
  A yak (Lair:5)
  A spriggan (Lair:6)
  A vampire mosquito (D:12)
  2 black bears (Lair:6)
  7 wolves (Lair:6)
  2 boggarts (Lair:6)
  A howler monkey (D:12)
32 creatures vanquished.

Vanquished Creatures (others)
  A cyclops (D:12)
  A fire vortex (Lair:2)
  13 fungi
  35 plants
50 creatures vanquished.

Grand Total: 531 creatures vanquished

Notes
Turn   | Place    | Note
-------+----------+-------------------------------------------
     0 | D:1      | Fafnir the Gargoyle Berserker began the quest for the Orb.
     0 | D:1      | Reached XP level 1. HP: 14/14 MP: 1/1
     0 | D:1      | 0 ||| counter = 1
   128 | D:1      | Reached skill level 3 in Axes
   278 | D:1      | Reached XP level 2. HP: 19/19 MP: 2/2
   387 | D:1      | 387 ||| INVOKING Berserk.
   697 | D:1      | Found a faded altar of an unknown god.
  1004 | D:1      | 1004 ||| INVOKING Berserk.
  1214 | D:1      | Reached XP level 3. HP: 23/23 MP: 3/3
  1433 | D:1      | 1433 ||| UPGRADING to +0 leather armour.
  1443 | D:1      | 1443 ||| DROPPING +0 animal skin.
  1444 | D:1      | 1444 ||| READING scroll labelled WIUCLU QOIX DARGH.
  1478 | D:2      | 1478 ||| INVOKING Berserk.
  1521 | D:2      | Found Emeatig's Magic Scroll Shop.
  1530 | D:2      | 1530 ||| BUYING scroll of identify (22 gold).
  1530 | D:2      | Bought a scroll of identify for 22 gold pieces
  1530 | D:2      | 1530 ||| BUYING scroll of identify (22 gold).
  1530 | D:2      | Bought a scroll of identify for 22 gold pieces
  1530 | D:2      | 1530 ||| SHOPLISTING scroll of identify (22 gold, have 4).
  1603 | D:2      | Reached skill level 4 in Axes
  1923 | D:2      | Reached XP level 4. HP: 28/28 MP: 4/4
  2030 | D:2      | 2030 ||| DROPPING ring of magical power.
  2031 | D:2      | 2031 ||| READING scroll labelled AFISOG DA YKIU.
  2032 | D:2      | 2032 ||| READING scroll labelled JAUSIC JIPOXAA.
  2033 | D:2      | 2033 ||| DRINKING 2 brown potions.
  2034 | D:2      | 2034 ||| READING 3 scrolls of identify.
  2034 | D:2      | 2034 ||| IDENTIFYING murky grey potion
  2035 | D:2      | 2035 ||| READING 2 scrolls of identify.
  2035 | D:2      | 2035 ||| IDENTIFYING green potion
  2036 | D:2      | 2036 ||| DROPPING potion of degeneration.
  2068 | D:3      | Reached ** piety under Trog
  2073 | D:3      | 2073 ||| STAIRDANCE
  2185 | D:2      | 2185 ||| UPGRADING to +0 chain mail.
  2195 | D:2      | 2195 ||| DROPPING +0 leather armour.
  2230 | D:3      | 2230 ||| INVOKING Berserk.
  2232 | D:3      | 2232 ||| STAIRDANCE
  2396 | D:3      | 2396 ||| INVOKING Berserk.
  2473 | D:3      | 2473 ||| STAIRDANCE
  2609 | D:2      | 2609 ||| UPGRADING to +4 chain mail.
  2619 | D:2      | 2619 ||| DROPPING +0 chain mail.
  2702 | D:3      | Reached skill level 5 in Axes
  2784 | D:3      | 2784 ||| INVOKING Berserk.
  2788 | D:3      | Reached XP level 5. HP: 32/32 MP: 5/5
  2849 | D:3      | 2849 ||| INVOKING Berserk.
  2856 | D:3      | HP: 12/49 [gnoll (4)]
  3464 | D:3      | 3464 ||| UPGRADING to +4 ring of slaying {mikee}.
  3465 | D:3      | 3465 ||| READING 2 scrolls of identify.
  3465 | D:3      | 3465 ||| IDENTIFYING blue potion
  3466 | D:3      | 3466 ||| DROPPING potion of brilliance.
  3529 | D:4      | Noticed Eustachio
  3555 | D:4      | 3555 ||| INVOKING Berserk.
  3586 | D:4      | Killed Eustachio
  3587 | D:4      | Reached skill level 6 in Axes
  3587 | D:4      | Reached XP level 6. HP: 38/38 MP: 6/6
  3590 | D:4      | 3590 ||| STAIRDANCE
  3714 | D:4      | Noticed a black bear
  3725 | D:4      | 3725 ||| INVOKING Berserk.
  3728 | D:4      | Killed a black bear
  3734 | D:4      | Reached XP level 7. HP: 27/43 MP: 7/7
  4027 | D:4      | Reached skill level 7 in Axes
  4117 | D:4      | Reached *** piety under Trog
  4262 | D:4      | 4262 ||| UPGRADING to +1 cloak.
  4267 | D:4      | 4267 ||| UPGRADING to +0 helmet.
  4272 | D:4      | 4272 ||| DROPPING +1 hat.
  4273 | D:4      | 4273 ||| READING scroll labelled LEEBBAI UXOLE.
  4285 | D:5      | Entered Level 5 of the Dungeon
  4350 | D:5      | Reached skill level 3 in Armour
  4455 | D:5      | Found an opulent altar of Gozag.
  4553 | D:5      | Noticed Blork the orc
  4559 | D:5      | Killed Blork the orc
  4708 | D:5      | Reached XP level 8. HP: 50/50 MP: 8/8
  4920 | D:5      | Noticed Duvessa
  4938 | D:5      | Killed Duvessa
  4939 | D:5      | Reached skill level 8 in Axes
  4939 | D:5      | Noticed Dowan
  5021 | D:5      | Killed Dowan
  5123 | D:5      | 5123 ||| READING scroll labelled OCHEMM EDER.
  5184 | D:5      | 5184 ||| READING scroll labelled LUAXTI DUNI.
  5209 | D:6      | Found Athrishia's Antique Weapon Boutique.
  5245 | D:6      | 5245 ||| BUYING broad axe (88 gold).
  5245 | D:6      | Bought a broad axe for 88 gold pieces
  5245 | D:6      | 5245 ||| SWAPPING to +0 broad axe.
  5246 | D:6      | 5246 ||| DROPPING +1 hand axe of freezing.
  5266 | D:6      | Noticed Maggie
  5278 | D:6      | Killed Maggie
  5279 | D:6      | 5279 ||| INVOKING Berserk.
  5505 | D:6      | 5505 ||| DROPPING +0 mace.
  5587 | D:6      | 5587 ||| INVOKING Berserk.
  5591 | D:6      | Reached XP level 9. HP: 57/57 MP: 9/9
  5596 | D:6      | Reached skill level 9 in Axes
  5732 | D:6      | Reached **** piety under Trog
  5888 | D:6      | 5888 ||| READING scroll of enchant weapon.
  5888 | D:6      | 5888 ||| ENCHANTING +0 broad axe.
  5965 | D:6      | 5965 ||| INVOKING Berserk.
  5974 | D:6      | Reached skill level 10 in Axes
  6122 | D:6      | 6122 ||| READING 3 scrolls of identify.
  6122 | D:6      | 6122 ||| IDENTIFYING pink potion
  6172 | D:7      | 6172 ||| DROPPING +0 flail.
  6525 | D:7      | Found a runed translucent door.
  6526 | D:7      | Noticed Crazy Yiuf
  6673 | D:7      | 6673 ||| INVOKING Berserk.
  6684 | D:7      | Reached skill level 6 in Armour
  6720 | D:7      | Noticed Harold
  6730 | D:7      | 6730 ||| INVOKING Berserk.
  6739 | D:7      | Killed Harold
  6740 | D:7      | Reached XP level 10. HP: 64/64 MP: 10/10
  6921 | D:7      | 6921 ||| INVOKING Berserk.
  6927 | D:7      | Reached skill level 11 in Axes
  7015 | D:7      | Noticed Menkaure
  7019 | D:7      | Killed Menkaure
  7032 | D:7      | Found a staircase to the Ecumenical Temple.
  7084 | D:7      | Found a large runed translucent door.
  7085 | D:7      | Found a large runed translucent door.
  7089 | D:7      | Noticed Essalna's ghost (novice GrFE)
  7155 | D:7      | 7155 ||| UPGRADING to +4 ring of evasion.
  7156 | D:7      | 7156 ||| READING 3 scrolls of identify.
  7156 | D:7      | 7156 ||| IDENTIFYING sapphire potion
  7211 | D:8      | 7211 ||| INVOKING Berserk.
  7213 | D:8      | Reached skill level 9 in Fighting
  7416 | D:8      | 7416 ||| STAIRDANCE
  7555 | D:8      | 7555 ||| INVOKING Berserk.
  7746 | D:8      | Found a transporter.
  7767 | D:8      | Found a transporter.
  7779 | D:8      | Found a one-way gate to the infinite horrors of the Abyss.
  7864 | D:8      | Noticed a green ugly thing
  7910 | D:8      | Killed a green ugly thing
  7983 | D:8      | Identified the ring of Ruroj {rPois Int+4 Dex+6 Stlth-}
  8022 | D:8      | Identified the ring of Witizuz {rPois Will+ Str+6 Slay+3
                  | SInv}
  8022 | D:8      | Noticed a centaur warrior
  8034 | D:8      | Killed a centaur warrior
  8035 | D:8      | Reached skill level 12 in Axes
  8194 | D:8      | Identified the ring "Bueppeca" {rElec rN+ rCorr Slay-2}
  8199 | D:8      | Noticed a cyclops
  8201 | D:8      | 8201 ||| INVOKING Berserk.
  8205 | D:8      | Killed a cyclops
  8206 | D:8      | Reached XP level 11. HP: 71/71 MP: 11/11
  8261 | D:8      | Identified the ring of Tension {Fly Slay+4}
  8269 | D:8      | Noticed a harpy
  8277 | D:8      | a harpy changed into a shapeshifter
  8278 | D:8      | Noticed a harpy
  8278 | D:8      | a shapeshifter changed into a harpy
  8281 | D:8      | Noticed a two-headed ogre
  8283 | D:8      | 8283 ||| INVOKING Berserk.
  8290 | D:8      | Killed a two-headed ogre
  8290 | D:8      | Reached ***** piety under Trog
  8292 | D:8      | Killed a harpy
  8299 | D:8      | 8299 ||| DRINKING 2 potions of curing.
  8299 | D:8      | 8299 ||| (to cure confusion)
  8376 | D:8      | Noticed a boulder beetle
  8383 | D:8      | 8383 ||| INVOKING Berserk.
  8398 | D:8      | 8398 ||| INVOKING Brothers in Arms.
  8401 | D:8      | Killed a boulder beetle
  8469 | D:8      | 8469 ||| INVOKING Berserk.
  8529 | D:8      | Noticed a seven-headed hydra
  8570 | D:8      | 8570 ||| INVOKING Brothers in Arms.
  8571 | D:8      | 8571 ||| SWAPPING to +0 morningstar.
  8572 | D:8      | 8572 ||| INVOKING Berserk.
  8578 | D:8      | Killed a seven-headed hydra
  8582 | D:8      | 8582 ||| SWAPPING to +1 broad axe.
  8742 | D:8      | 8742 ||| UPGRADING to +0 buckler.
  8747 | D:8      | 8747 ||| UPGRADING to ring of Witizuz {rPois Will+ Str+6
                  | Slay+3 SInv}.
  8749 | D:8      | 8749 ||| DROPPING ring "Bueppeca" {rElec rN+ rCorr Slay-2}.
  8750 | D:8      | 8750 ||| DROPPING +4 ring of slaying {mikee}.
  8751 | D:8      | 8751 ||| READING scroll labelled FIATUO ACREROZ.
  8752 | D:8      | 8752 ||| READING scroll labelled JEXEGA TUEWKOTA.
  8755 | D:8      | 8755 ||| DRINKING 4 metallic pink potions.
  8778 | D:8      | 8778 ||| DROPPING 3 potions of lignification.
  8954 | D:9      | Found a staircase to the Orcish Mines.
  8968 | D:9      | Reached skill level 1 in Shields
  9037 | D:9      | 9037 ||| INVOKING Berserk.
  9038 | D:9      | Found a staircase to the Lair.
  9051 | D:9      | 9051 ||| INVOKING Brothers in Arms.
  9058 | D:9      | Reached skill level 3 in Shields
  9270 | D:9      | Noticed a two-headed ogre
  9278 | D:9      | 9278 ||| INVOKING Berserk.
  9294 | D:9      | Killed a two-headed ogre
  9295 | D:9      | Reached skill level 13 in Axes
  9922 | D:9      | 9922 ||| READING scroll labelled YNIDAES XADURI.
  9962 | Lair:1   | Entered Level 1 of the Lair of Beasts
  9963 | Lair:1   | 9963 ||| Entered L.
 10007 | Lair:1   | 10007 ||| INVOKING Berserk.
 10107 | Lair:1   | 10107 ||| INVOKING Berserk.
 10109 | Lair:1   | Reached XP level 12. HP: 78/78 MP: 12/12
 10935 | Lair:2   | 10935 ||| READING scroll of enchant weapon.
 10935 | Lair:2   | 10935 ||| ENCHANTING +1 broad axe.
 10959 | Lair:2   | Reached skill level 14 in Axes
 11274 | Lair:2   | 11274 ||| Stepping randomly (stuck).
 11275 | Lair:2   | 11275 ||| Stepping randomly (stuck).
 11276 | Lair:2   | 11276 ||| Stepping randomly (stuck).
 12219 | Lair:3   | Found a hole to the Spider Nest.
 12470 | Lair:3   | Identified the +5 flail "Wojoga Muepp" {freeze, Dex+4}
 12472 | Lair:3   | 12472 ||| DROPPING +5 flail "Wojoga Muepp" {freeze, Dex+4}.
 12658 | Lair:3   | 12658 ||| Stepping ~*~*~tactically~*~*~ (water).
 12664 | Lair:3   | 12664 ||| Stepping ~*~*~tactically~*~*~ (water).
 12877 | Lair:3   | Reached skill level 15 in Axes
 12901 | Lair:3   | 12901 ||| INVOKING Berserk.
 12911 | Lair:3   | 12911 ||| INVOKING Brothers in Arms.
 12918 | Lair:3   | Reached skill level 3 in Dodging
 13119 | Lair:3   | Found a staircase to the Swamp.
 13122 | Lair:3   | 13122 ||| INVOKING Berserk.
 13486 | Lair:3   | 13486 ||| UPGRADING to amulet of faith.
 13491 | Lair:3   | 13491 ||| READING scroll labelled WELAM PU APISODGH.
 13492 | Lair:3   | 13492 ||| READING 5 scrolls of identify.
 13492 | Lair:3   | 13492 ||| IDENTIFYING yellow potion
 13537 | Lair:4   | 13537 ||| STAIRDANCE
 13571 | Lair:4   | Reached skill level 9 in Armour
 13610 | Lair:4   | 13610 ||| STAIRDANCE
 13674 | Lair:4   | 13674 ||| STAIRDANCE
 13731 | Lair:4   | Reached XP level 13. HP: 85/85 MP: 13/13
 13747 | Lair:4   | Reached skill level 12 in Fighting
 14352 | Lair:4   | 14352 ||| INVOKING Brothers in Arms.
 14355 | Lair:4   | 14355 ||| INVOKING Berserk.
 14714 | Lair:4   | Reached skill level 16 in Axes
 14865 | Lair:4   | Received a gift from Trog
 15617 | Lair:5   | 15617 ||| INVOKING Berserk.
 15631 | Lair:5   | 15631 ||| INVOKING Brothers in Arms.
 15644 | Lair:5   | Reached skill level 17 in Axes
 15647 | Lair:5   | 15647 ||| Stepping ~*~*~tactically~*~*~ (cloud).
 15650 | Lair:5   | 15650 ||| Stepping ~*~*~tactically~*~*~ (cloud).
 16200 | Lair:5   | 16200 ||| READING scroll labelled VEDUPAACVI.
 16214 | Lair:6   | Entered Level 6 of the Lair of Beasts
 16214 | Lair:6   | Noticed Urug
 16229 | Lair:6   | 16229 ||| INVOKING Berserk.
 16243 | Lair:6   | Killed Urug
 16298 | Lair:6   | 16298 ||| STAIRDANCE
 16549 | Lair:6   | Gained mutation: Your large and strong wings let you fly.
                  | [Gargoyle growth]
 16549 | Lair:6   | Reached XP level 14. HP: 89/94 MP: 14/14
 16899 | Lair:6   | Found a viscous altar of Jiyva.
 16899 | Lair:6   | Found a staircase to the Slime Pits.
 16979 | Lair:6   | 16979 ||| INVOKING Brothers in Arms.
 16987 | Lair:6   | 16987 ||| INVOKING Berserk.
 17020 | Lair:6   | 17020 ||| INVOKING Brothers in Arms.
 17030 | Lair:6   | HP: 21/94 [spriggan rider (15)]
 17031 | Lair:6   | 17031 ||| DRINKING potion of heal wounds.
 17037 | Lair:6   | Identified the +4 hand axe of Stickiness {vorpal, rC+}
                  | (Trog gifted it to you on level 6 of the Lair of Beasts)
 17037 | Lair:6   | Received a gift from Trog
 17040 | Lair:6   | 17040 ||| INVOKING Berserk.
 17064 | Lair:6   | 17064 ||| INVOKING Brothers in Arms.
 17441 | Lair:6   | 17441 ||| INVOKING Brothers in Arms.
 17446 | Lair:6   | 17446 ||| INVOKING Berserk.
 17619 | Lair:6   | 17619 ||| INVOKING Berserk.
 17629 | Lair:6   | Reached skill level 18 in Axes
 18048 | Lair:6   | 18048 ||| STAIRDANCE
 18095 | Lair:5   | 18095 ||| READING 5 scrolls of identify.
 18095 | Lair:5   | 18095 ||| IDENTIFYING emerald potion
 18096 | Lair:5   | 18096 ||| DROPPING potion of berserk rage.
 18329 | D:10     | Entered Level 10 of the Dungeon
 18376 | D:10     | 18376 ||| INVOKING Brothers in Arms.
 18386 | D:10     | 18386 ||| INVOKING Berserk.
 18427 | D:10     | 18427 ||| READING scroll of enchant weapon.
 18427 | D:10     | 18427 ||| ENCHANTING +2 broad axe.
 18442 | D:10     | 18442 ||| READING scroll of enchant weapon.
 18442 | D:10     | 18442 ||| ENCHANTING +3 broad axe.
 18480 | D:10     | Found Walaosiu's Assorted Antiques.
 18488 | D:10     | 18488 ||| BUYING scroll of identify (56 gold).
 18488 | D:10     | Bought a scroll of identify for 56 gold pieces
 18488 | D:10     | 18488 ||| BUYING scroll of teleportation (84 gold).
 18488 | D:10     | Bought a scroll of teleportation for 84 gold pieces
 19629 | D:11     | 19629 ||| INVOKING Brothers in Arms.
 19630 | D:11     | 19630 ||| SWAPPING to +0 morningstar.
 19631 | D:11     | 19631 ||| INVOKING Berserk.
 19639 | D:11     | 19639 ||| SWAPPING to +4 broad axe.
 19837 | D:12     | 19837 ||| READING scroll of enchant weapon.
 19837 | D:12     | 19837 ||| ENCHANTING +4 broad axe.
 20101 | D:12     | 20101 ||| INVOKING Berserk.
 20204 | D:12     | 20204 ||| INVOKING Brothers in Arms.
 20205 | D:12     | 20205 ||| SWAPPING to +0 morningstar.
 20207 | D:12     | 20207 ||| Stepping ~*~*~tactically~*~*~ (outnumbered).
 20208 | D:12     | 20208 ||| SWAPPING to +5 broad axe.
 20212 | D:12     | 20212 ||| SWAPPING to +0 morningstar.
 20213 | D:12     | 20213 ||| INVOKING Berserk.
 20216 | D:12     | Noticed Psyche
 20226 | D:12     | Killed Psyche
 20234 | D:12     | 20234 ||| SWAPPING to +5 broad axe.
 20400 | D:12     | 20400 ||| INVOKING Berserk.
 20407 | D:12     | HP: 33/144 [freezing wraith[a death knight] (5)]
 20410 | D:12     | HP: 15/144 [freezing wraith[a death knight] (10)]
 20410 | D:12     | Slain by a freezing wraith

Levels and vault maps discovered:
D:1:      minmay_arrival_cross, layout_basic,
          hellmonk_ecumenical_altar_heavens_door
D:2:      layout_rooms, serial_shops, shop
D:3:      layout_rooms, kennysheep_nondescript
D:4:      minmay_evil_eye, layout_rooms, hex_medium, grunt_ministairs_3,
          uniq_eustachio
D:5:      layout_basic, nicolae_gozag_cash_rules_everything_around_me,
          minivault_19, lexackson_kobold_supper, uniq_duvessa,
          uniq_blork_the_orc
D:6:      layout_cave_pools, serial_shops, nicolae_diamond_shop, uniq_maggie
D:7:      layout_loops_ring, minmay_temple_entry_fiery,
          ebering_ghost_disaster_area, grunt_decor_resistance,
          serial_park_tiny_2, uniq_crazy_yiuf_cottage, uniq_harold,
          uniq_menkaure
D:8:      minmay_the_grid_triangle_9x9_recursive_2
          [minmay_the_grid_triangle_9x9_prize_special,
          minmay_the_grid_triangle_9x9_empty,
          minmay_the_grid_triangle_9x9_alien,
          minmay_the_grid_triangle_9x9_shrine], layout_gridville,
          gammafunk_ghost_abyssal_escape
D:9:      layout_cave_pods, erik_lair_orcish_takeover, zombieorc1_lemuel
D:10:     layout_basic, serial_shops, shop, minivault_1, minivault_15
D:11:     layout_irregular_city, chequers_arboretum
D:12:     layout_stronghold, minmay_ruined_shrine, uniq_psyche
Lair:1:   layout_hall_layers, grunt_megastairs_1
Lair:2:   layout_gridlike, serial_rivers, chequers_serial_rivers_micro_d,
          chequers_serial_rivers_micro_e, chequers_serial_rivers_room_a,
          chequers_serial_rivers_micro_b, chequers_serial_rivers_small_b,
          serial_bayou_shore_b
Lair:3:   layout_cave_pods, nicolae_swamp_entry_splash_gauntlet,
          spider_nest_entry_webs, infiniplex_staircase_pool,
          serial_bayou_shore_a, lemuel_fruit_fields
Lair:4:   layout_cave_pods
Lair:5:   cheibrodos_magma_flow, layout_cave_shapes, beast_lair_carwin_11
Lair:6:   minmay_lair_end_enchanted_forest, layout_regular_city,
          dpeg_slime_entry_enclosed_altar, chequers_serial_rivers_large_a,
          st_stairs_3, grunt_forest_small_clearings, lemuel_old_faithful,
          uniq_urug

Skill      XL: |  1  2  3  4  5  6  7  8  9 10 11 12 13 14 |
---------------+-------------------------------------------+-----
Axes           | 3 4 5 6 7 8 10 12 13 15 17 18 | 18.0
Fighting       | 4 5 7 8 9 10 11 13 14 | 14.0
Armour         | 3 4 6 7 8 9 11 | 11.0
Dodging        | 2 3 4 |  4.0
Shields        | 4 |  4.4

Action                   |  1- 3 |  4- 6 |  7- 9 | 10-12 | 13-15 || total
-------------------------+-------+-------+-------+-------+-------++-------
Melee: Hand axe          |   112 |   167 |   120 |       |       ||   399
       Broad axe         |       |       |   134 |   515 |   605 ||  1254
       Morningstar       |       |       |       |     5 |    20 ||    25
Invok: Berserk           |     3 |     6 |     5 |    14 |    12 ||    40
       Brothers in Arms  |       |       |       |     4 |     9 ||    13
  Use: Scroll            |     1 |     5 |     5 |     7 |     5 ||    23
       Potion            |       |     1 |       |     2 |     1 ||     4
 Stab: Sleeping          |     1 |       |       |       |       ||     1
Armor: Animal skin       |    25 |       |       |       |       ||    25
       Leather armour    |    10 |     4 |       |       |       ||    14
       Chain mail        |       |   103 |   199 |   222 |   242 ||   766
Dodge: Dodged            |    67 |    61 |   103 |   259 |   309 ||   799
Block: Buckler           |       |       |       |    56 |    84 ||   140

Table legend:
 A = Non-vault XP
 B = Vault XP
 C = Vault XP percentage of total XP
 D = Non-vault monster count
 E = Vault monster count
 F = Vault count percentage of total count
                 A         B        C        D         E       F
            +---------+---------+-------+---------+---------+-------
      Total |   55526 |   27845 |  33.4 |     325 |     156 |  32.4
            +---------+---------+-------+---------+---------+-------
        D:1 |      36 |       0 |   0.0 |      21 |       0 |   0.0
        D:2 |      53 |       0 |   0.0 |      13 |       0 |   0.0
        D:3 |     143 |       0 |   0.0 |      26 |       0 |   0.0
        D:4 |     140 |     377 |  72.9 |      11 |       8 |  42.1
        D:5 |     371 |     422 |  53.2 |      10 |      11 |  52.4
        D:6 |    1689 |     389 |  18.7 |      27 |       1 |   3.6
        D:7 |    1102 |    1045 |  48.7 |      19 |       2 |   9.5
        D:8 |    1275 |    6036 |  82.6 |      13 |      13 |  50.0
        D:9 |    3189 |    1227 |  27.8 |      19 |      37 |  66.1
       D:10 |    2002 |     457 |  18.6 |      16 |       1 |   5.9
       D:11 |    4940 |       0 |   0.0 |      14 |       0 |   0.0
       D:12 |    3862 |    2291 |  37.2 |      10 |       5 |  33.3
     Lair:1 |    2140 |     246 |  10.3 |       9 |       2 |  18.2
     Lair:2 |    5108 |       0 |   0.0 |      15 |       0 |   0.0
     Lair:3 |    3446 |    2458 |  41.6 |      18 |       9 |  33.3
     Lair:4 |   10096 |       0 |   0.0 |      34 |       0 |   0.0
     Lair:5 |    7246 |    2891 |  28.5 |      14 |      14 |  50.0
     Lair:6 |    8688 |   10006 |  53.5 |      36 |      53 |  59.6
            +---------+---------+-------+---------+---------+-------
